 Dungeon Crawl Stone Soup version 0.14-a0-3538-g669f2b4 (webtiles) character file.

587 vladimirc the Ruinous (level 6, -6/49 HPs)
             Began as a Naga Wizard on Mar 27, 2014.
             Mangled by Faulk's ghost (13 damage)
             ... on Level 5 of the Dungeon.
             The game lasted 00:11:42 (4362 turns).

vladimirc the Ruinous (Naga Wizard)                 Turns: 4362, Time: 00:11:42

HP  -6/49        AC  8     Str  9      XL: 6   Next: 50%
MP   1/15        EV  9     Int 21      God:
Gold 259         SH  0     Dex  9      Spells:  5 memorised,  2 levels left

rFire  . . .     SeeInvis +     o - +1 short sword (speed)
rCold  . . .     Clarity  .     F - +3 leather armour
rNeg   . . .     Conserve .     (no shield)
rPois  +         rCorr    +     g - +0 helmet
rElec  .         rRot     .     v - +0 cloak {MR+}
SustAb . .       Spirit   .     (no gloves)
rMut   .         Warding  .     (no barding)
Saprov . . .     Stasis   .     C - amulet of resist corrosion
MR     +....                    (no ring)
                                (no ring)

@: very slightly contaminated, very slow, somewhat resistant to hostile
enchantments, stealthy
A: spit poison, see invisible, deformed body, poison resistance, slowness 2, AC
+2
a: Spit Poison


You were on level 5 of the Dungeon.
You were hungry.

You visited 1 branch of the dungeon, and saw 5 of its levels.

You collected 259 gold pieces.

Inventory:

Hand weapons
 i - a +0,+0 dagger
 j - a +0,+0 dagger
 o - a +1,+1 short sword of speed (weapon)
 s - a cursed -3,+0 short sword
 u - a +3,+4 quarterstaff of chaos
Armour
 g - a +0 helmet (worn)
 v - a +0 cloak of magic resistance (worn)
 F - a +3 leather armour (worn)
Magical devices
 t - a wand of magic darts (15)
Comestibles
 h - a banana
 k - a bread ration
 m - 3 meat rations
 z - an apricot
 A - 2 pears
 B - an apple
Scrolls
 a - a scroll of blinking
 b - a scroll of amnesia {unknown}
 l - 2 scrolls of teleportation {unknown}
 p - a scroll of immolation {unknown}
 q - 4 scrolls of identify
 x - a scroll of fog {unknown}
 y - 4 scrolls of remove curse
 G - a scroll of enchant weapon I {unknown}
Jewellery
 C - an amulet of resist corrosion (around neck)
Potions
 d - a potion of poison {unknown}
 e - 5 potions of curing {unknown}
 f - a potion of flight {unknown}
 n - 2 potions of heal wounds
 r - a potion of might {unknown}
 w - a potion of brilliance {unknown}
 D - a potion of confusion {unknown}
 E - a potion of restore abilities {unknown}
 H - a potion of porridge
Books
 c - a book of Minor Magic

   Spells                             Type                      Level
   *Magic Dart                        Conjuration                  1
   *Blink                             Translocation                2
   Call Imp                           Summoning                    2
   *Repel Missiles                    Charms/Air                   2
   Slow                               Hexes                        2
   *Conjure Flame                     Conjuration/Fire             3
   *Mephitic Cloud                    Conjuration/Poison/Air       3


   Skills:
 - Level 1.0 Armour
 - Level 1.9 Dodging
 + Level 4.5 Stealth
 - Level 4.0 Spellcasting
 * Level 4.6 Conjurations
   Level 1.0 Summonings
 + Level 1.0 Translocations


You had 2 spell levels left.
You knew the following spells:

 Your Spells              Type           Power        Failure   Level  Hunger
a - Magic Dart            Conj           ###.         1%          1    None
c - Mephitic Cloud        Conj/Pois/Air  ##......     21%         3    ###....
d - Blink                 Tloc           N/A          12%         2    #......
e - Conjure Flame         Conj/Fire      ##......     17%         3    ###....
r - Repel Missiles        Chrm/Air       #.....       17%         2    #......


Dungeon Overview and Level Annotations

Branches:
Dungeon (5/15)
 Temple: D:4-7

Altars:
Fedhas
Nemelex Xobeh

Annotations:
D:2 exclusion: oklob plant
D:5 Faulk's ghost, experienced VSMo


Innate Abilities, Weirdness & Mutations

You cannot wear boots.
You can spit poison.
Your serpentine skin is tough (AC +2).
You have supernaturally acute eyesight.
Armour fits poorly on your strangely shaped body.
Your system is resistant to poisons.
You cover ground very slowly.


Message History

t - a wand of magic darts {zapped: 1} You have got your breath back.
Faulk's ghost hits you but does no damage.
The kobold misses you.
Evoke which item? (* to show all) (? for menu, Esc to quit)
Zapping:
t - a wand of magic darts {zapped: 1}
Press: ? - help, Shift-Dir - straight line, f/p - Faulk's ghost
Aim: Faulk's ghost (almost destroyed)
The magic dart hits Faulk's ghost.
Faulk's ghost is almost destroyed.
You hear the hiss of an avalanche of sand, a long way away.
Faulk's ghost barely misses you. The kobold hits you but does no damage.
Evoke which item? (* to show all) (? for menu, Esc to quit)
Zapping:
t - a wand of magic darts {zapped: 2}
Press: ? - help, Shift-Dir - straight line, f/p - Faulk's ghost
Aim: Faulk's ghost (almost destroyed)
The magic dart hits Faulk's ghost.
Faulk's ghost is almost destroyed.
Faulk's ghost hits you!
You die...

........# #.#.#
........# #.#.#
........######.#'#######
#..................(...#
#....#########.........#
#....# #.........#
........!... #......(..#
........... #...p.....#
........... #..@K.....#
####....### #.........#
####.# #.........# ..
#.######### #. #. #


You could see Faulk's ghost and a kobold.

Vanquished Creatures
  A phantom (D:4)
  A crimson imp (D:5)
  A big fish (D:2)
  Crazy Yiuf (D:2)
  An iguana (D:5)
  A giant mite (D:3)
  3 adders
  A worm (D:4)
  An inept feature mimic (D:5)
  3 giant geckos
  2 oozes
  7 hobgoblins
  12 kobolds
  11 bats
  3 giant cockroaches
  5 giant newts
  5 goblins
  5 jackals
  A quokka (D:4)
  7 rats
72 creatures vanquished.

Notes
Turn   | Place    | Note
--------------------------------------------------------------
     0 | D:1      | vladimirc, the Naga Wizard, began the quest for the Orb.
     0 | D:1      | Reached XP level 1. HP: 15/15 MP: 4/4
   444 | D:1      | Reached XP level 2. HP: 22/22 MP: 3/6
  1256 | D:2      | Reached XP level 3. HP: 28/28 MP: 1/8
  1349 | D:2      | Noticed Crazy Yiuf
  1368 | D:2      | Learned a level 3 spell: Mephitic Cloud
  1376 | D:2      | Killed Crazy Yiuf
  1831 | D:2      | Reached XP level 4. HP: 36/36 MP: 3/10
  2022 | D:2      | Found a blossoming altar of Fedhas.
  2040 | D:2      | Reached skill level 4 in Spellcasting
  2067 | D:2      | Noticed an oklob plant
  2392 | D:3      | Reached skill level 1 in Armour
  2400 | D:3      | Reached XP level 5. HP: 24/42 MP: 3/13
  2481 | D:3      | Learned a level 2 spell: Blink
  2485 | D:3      | Learned a level 3 spell: Conjure Flame
  2488 | D:3      | Learned a level 2 spell: Repel Missiles
  3084 | D:4      | Found a sparkling altar of Nemelex Xobeh.
  3687 | D:4      | Noticed a phantom
  3723 | D:4      | Killed a phantom
  3723 | D:4      | Reached XP level 6. HP: 44/49 MP: 0/15
  3890 | D:5      | Entered Level 5 of the Dungeon
  4323 | D:5      | Noticed Faulk's ghost (experienced VSMo)
  4362 | D:5      | Mangled by Faulk's ghost

Action                   |  1- 3 |  4- 6 || total
-------------------------+-------+-------++-------
Melee: Short sword       |     8 |    55 ||    63
 Cast: Magic Dart        |    56 |   134 ||   190
       Mephitic Cloud    |     1 |       ||     1
       Blink             |       |     8 ||     8
 Abil: Spit Poison       |    10 |    33 ||    43
Evoke: Wand              |       |     3 ||     3
  Use: Scroll            |     4 |     1 ||     5
 Stab: Sleeping          |     1 |     5 ||     6
